 Dungeon Crawl Stone Soup version 0.29.1-2-gbd0b4ee654 (webtiles) character file.

Game seed: 14581979631814557003

5783 Shevek the Basher (level 10, 0/90 HPs)
             Began as a Minotaur Fighter on Oct 31, 2022.
             Was a High Priest of Okawaru.
             Slain by a gargoyle
             ... wielding a +0 morningstar
              (20 damage)
             ... on level 8 of the Dungeon on Nov 1, 2022.
             The game lasted 01:32:27 (8362 turns).

Shevek the Basher (Minotaur Fighter)                Turns: 8362, Time: 01:32:27

Health: 0/90       AC: 11    Str: 25    XL:     10   Next: 50%
Magic:  4/10       EV:  9    Int:  5    God:    Okawaru [*****.]
Gold:   431        SH:  5    Dex: 10    Spells: 8/9 levels left

rFire   + + .      SeeInvis +   a - +0 war axe
rCold   + + .      Faith    .   c - +0 buckler
rNeg    . . .      Spirit   .   i - +0 chain mail
rPois   +          Reflect  .   (helmet restricted)
rElec   +          Harm     .   q - scarf {rC+ rF+}
rCorr   +          Rampage  .   (no gloves)
Will    .....                   (no boots)
Stlth   ..........              (no amulet)
HPRegen 0.25/turn               e - ring of see invisible
MPRegen 0.12/turn               (no ring)

@: resistant, finesse-ful
A: horns 2, retaliatory headbutt
a: Renounce Religion, Heroism, Finesse, Duel


You were on level 8 of the Dungeon.
You worshipped Okawaru.
Okawaru was extremely pleased with you.
You visited 1 branch of the dungeon, and saw 8 of its levels.
You also visited: Ossuary.

You collected 521 gold pieces.
You spent 90 gold pieces at shops.

Inventory:

Hand Weapons
 a - a +0 war axe (weapon)
 o - a +0 sling
 r - a +1 hand axe of venom
 s - a +1 morningstar
 C - a +4 battleaxe
Missiles
 p - 33 stones (quivered)
 A - a throwing net
Armour
 c - a +0 buckler (worn)
 i - a +0 chain mail (worn)
 q - a scarf of resistance (worn)
Jewellery
 b - an amulet of magic regeneration
 e - a ring of see invisible (left hand)
 E - a ring of magical power
Wands
 j - a wand of mindburst (21)
 m - a wand of polymorph (8)
 n - a wand of digging (6)
 z - a wand of roots (10)
Scrolls
 f - 2 scrolls of magic mapping
 g - 3 scrolls of teleportation
 h - 2 scrolls of blinking
 k - 2 scrolls of fear {unknown}
 w - a scroll of enchant armour {unknown}
 y - 4 scrolls of vulnerability
 D - 2 scrolls of poison {unknown}
Potions
 d - a potion of brilliance
 t - a potion of magic
 u - 2 potions of mutation
 x - a potion of degeneration {unknown}
 B - a potion of berserk rage {unknown}
 F - a potion of flight {unknown}
 G - a potion of ambrosia {unknown}
 H - a potion of resistance
 I - a potion of might
 J - a potion of haste {unknown}


   Skills:
 + Level 8.7 Fighting
 * Level 7.1(10.1) Axes
 - Level 11.1(12.0) Maces & Flails
 - Level 2.3 Ranged Weapons
 - Level 1.3 Throwing
 + Level 8.7 Armour
 - Level 2.6 Dodging
 - Level 1.8 Stealth
 + Level 6.1 Shields
 + Level 1.9 Invocations


You had 8 spell levels left.
You knew the following spells:

 Your Spells              Type           Power      Damage    Failure   Level
a - Freeze                Ice            0%         1d3       98%         1

Your spell library contained the following spells:

 Spells                   Type           Power      Damage    Failure   Level
 Frozen Ramparts          Ice            0%         1d1       100%        3
 Ignite Poison            Fire/Tmut/Pois 0%         N/A       100%        3
 Spider Form              Tmut/Pois      0%         N/A       100%        3
 Hailstorm                Conj/Ice       0%         3d3       100%        4
 Olgreb's Toxic Radiance  Pois           0%         N/A       100%        4


Dungeon Overview and Level Annotations

Branches:
Dungeon (8/15)             Temple (0/1) D:6         Ossuary (visited)
   Lair: D:8-11

Altars:
Gozag
Kikubaaqudgha
Nemelex Xobeh
Okawaru
Qazlal
Ru
Sif Muna
Wu Jian
Xom
Zin
The Shining One

Shops:
D:4 :   D:8 (

Annotations:
D:6 1 runed translucent door, miserystealer's ghost, novice HuFi


Innate Abilities, Weirdness & Mutations

You have a pair of horns on your head.
You reflexively headbutt those who attack you in melee.


Message History

The floor.
You now have 431 gold pieces (gained 17).
A gargoyle comes into view. It is wielding a +1 mace of holy wrath.
Found a scroll of teleportation.
Press: ? - help, v - describe, . - travel A granite statue.
A gargoyle comes into view. It is wielding a +0 morningstar.
Found a scroll labelled LEDANA UHE XOQ and a scroll of magic mapping.
You gain the combat prowess of a mighty hero.
You can now deal lightning-fast blows.
The gargoyle hurls a stone arrow at you.
The stone arrow misses you.
The gargoyle hurls a stone arrow at you.
The stone arrow hits you!!
The gargoyle hurls a stone arrow at you.
The stone arrow hits you!
Unknown command.
You feel better.
You hit the gargoyle but do no damage. You slice the gargoyle!!
Your headbutt misses the gargoyle.
The gargoyle is almost destroyed.
The gargoyle hurls a stone arrow at you.
The stone arrow hits you!! The gargoyle attacks as you move away!
The gargoyle hits you with a +0 morningstar!
The gargoyle attacks as you move away! The gargoyle closely misses you.
You closely miss the gargoyle. You headbutt the gargoyle.
You destroy the gargoyle!
Okawaru accepts your kill.
Your base Axes skill increases to level 7!
You feel like a meek peon again.
The gargoyle hurls a stone arrow at you.
The stone arrow hits you!
* * * LOW HITPOINT WARNING * * *
You feel protected.
The gargoyle hits you with a +0 morningstar.
* * * LOW HITPOINT WARNING * * *
You hit the gargoyle but do no damage.
The gargoyle hits you with a +0 morningstar!!
You die...

.<.......##........#
...###......##.#####
.......#...###.#
...###...#.# #.##
...# #.... #..# ...#
##....###)# ...#
#.....## ...#
...###.9.## ...#
#.#@.# ....# #....#
..... ...........#
##### ...###......#
# ########


You could see a gargoyle.

Vanquished Creatures
  Joseph (D:7)
  2 gargoyles (D:8)
  Sigmund (D:3)
  5 yaks (D:8)
  A steam dragon (D:8)
  Duvessa (D:7)
  2 water moccasins (D:7)
  2 orc warriors (D:7)
  An ice beast (D:7)
  A hornet zombie (Ossuary)
  A black bear (D:5)
  A sky beast (D:6)
  2 ogres
  A kobold brigand (D:6)
  3 bullfrogs
  A gnoll sergeant (D:7)
  5 necrophages
  3 scorpions
  2 water moccasin zombies (Ossuary)
  2 wyvern zombies (Ossuary)
  8 wights (D:7)
  Dowan (D:7)
  2 centaur zombies (Ossuary)
  8 bullfrog zombies (Ossuary)
  4 orc priests
  2 hounds
  Crazy Yiuf (D:7)
  Jessica (D:3)
  Natasha (thrice) (D:3)
  2 iguanas
  3 orc wizards
  2 killer bee zombies (Ossuary)
  16 mummies
  2 howler monkey zombies (Ossuary)
  Robin (D:4)
  7 gnolls
  6 adders
  2 shadow imps
  A white imp (D:5)
  3 worms
  3 dart slugs
  21 orcs
  8 endoplasms
  3 giant cockroaches
  9 hobgoblins
  A jackal (D:2)
  3 quokkas
  5 ball pythons
  4 bats
  2 frilled lizards
  23 goblins
  A hobgoblin zombie (D:8)
  11 kobolds
  A kobold zombie (D:8)
  5 rats
213 creatures vanquished.

Vanquished Creatures (others)
  2 orcs (D:8)
  3 fungi (D:7)
  7 plants (D:6)
  3 withered plants (Ossuary)
15 creatures vanquished.

Grand Total: 228 creatures vanquished

Notes
Turn   | Place    | Note
-------+----------+-------------------------------------------
     0 | D:1      | Shevek the Minotaur Fighter began the quest for the Orb.
     0 | D:1      | Reached XP level 1. HP: 19/19 MP: 0/0
   147 | D:1      | Reached XP level 2. HP: 23/27 MP: 1/1
   532 | D:1      | Reached XP level 3. HP: 33/33 MP: 2/2
   874 | D:2      | Got the Discursus on the Poisonous Winter
   877 | D:2      | Learned a level 1 spell: Freeze
  1544 | D:3      | Found an ornate altar of the Wu Jian Council.
  1544 | D:3      | Found an iron altar of Okawaru.
  1560 | D:3      | Noticed Jessica
  1563 | D:3      | Reached XP level 4. HP: 40/40 MP: 3/3
  1570 | D:3      | Killed Jessica
  1579 | D:3      | Found an opulent altar of Gozag.
  1597 | D:3      | Became a worshipper of Warmaster Okawaru
  1632 | D:3      | Identified the +2 robe "Woecom" {Will+++ rCorr Str-3 Dex-5}
  1844 | D:3      | Noticed Sigmund
  1892 | D:3      | Killed Sigmund
  1892 | D:3      | Reached * piety under Okawaru
  1893 | D:3      | Reached skill level 2 in Maces & Flails
  1893 | D:3      | Reached skill level 1 in Dodging
  1893 | D:3      | Reached XP level 5. HP: 20/47 MP: 4/4
  1893 | D:3      | Reached XP level 6. HP: 22/53 MP: 5/5
  2217 | D:3      | Reached skill level 5 in Armour
  2274 | D:3      | Noticed Natasha
  2276 | D:3      | Killed Natasha
  2286 | D:3      | Noticed Natasha
  2297 | D:3      | Killed Natasha
  2364 | D:3      | Noticed Natasha
  2367 | D:3      | Killed Natasha
  2436 | D:3      | Reached skill level 3 in Maces & Flails
  2955 | D:4      | Reached skill level 5 in Fighting
  2955 | D:4      | Reached XP level 7. HP: 55/61 MP: 6/6
  3012 | D:4      | Reached skill level 4 in Maces & Flails
  3035 | D:4      | Found a stormy altar of Qazlal.
  3081 | D:4      | Found a shimmering blue altar of Sif Muna.
  3178 | D:4      | Noticed Robin
  3190 | D:4      | Killed Robin
  3292 | D:4      | Found Vyemp's Book Shoppe.
  3469 | D:5      | Entered Level 5 of the Dungeon
  3526 | D:5      | Reached skill level 5 in Maces & Flails
  3562 | D:5      | Reached ** piety under Okawaru
  3570 | D:5      | Reached skill level 1 in Stealth
  3738 | D:5      | Found Zin's Purification Station.
  3738 | D:5      | Found a glowing silver altar of Zin.
  3755 | D:5      | Reached skill level 6 in Maces & Flails
  3755 | D:5      | Reached XP level 8. HP: 69/69 MP: 7/7
  3764 | D:5      | Found a sacrificial altar of Ru.
  3781 | D:5      | Bought a potion of curing for 90 gold pieces
  3987 | D:5      | Found a sparkling altar of Nemelex Xobeh.
  4066 | D:5      | Found an ancient bone altar of Kikubaaqudgha.
  4067 | D:5      | Found a shimmering altar of Xom.
  4278 | D:6      | Reached skill level 7 in Maces & Flails
  4318 | D:6      | Found a staircase to the Ecumenical Temple.
  4456 | D:6      | Found a runed translucent door.
  4461 | D:6      | Noticed miserystealer's ghost (novice HuFi)
  4689 | D:6      | Found a glowing golden altar of the Shining One.
  4874 | D:7      | Reached skill level 8 in Maces & Flails
  5050 | D:7      | Noticed Joseph
  5066 | D:7      | Killed Joseph
  5066 | D:7      | Reached *** piety under Okawaru
  5067 | D:7      | Reached skill level 9 in Maces & Flails
  5067 | D:7      | Reached XP level 9. HP: 29/78 MP: 8/8
  5671 | D:7      | Reached skill level 10 in Maces & Flails
  5783 | D:7      | Reached skill level 1 in Throwing
  5837 | D:7      | Reached **** piety under Okawaru
  6058 | D:7      | Noticed Duvessa
  6058 | D:7      | Noticed Dowan
  6069 | D:7      | Killed Duvessa
  6073 | D:7      | Killed Dowan
  6646 | D:7      | Found a runed translucent door.
  6647 | D:7      | Noticed Crazy Yiuf
  6651 | D:7      | Killed Crazy Yiuf
  6722 | D:8      | Found Xurphagh's Weapon Boutique.
  6740 | D:8      | Reached skill level 11 in Maces & Flails
  7094 | D:8      | Found a sand-covered staircase.
  7117 | Ossuary  | Entered an ossuary
  7124 | Ossuary  | Reached skill level 5 in Axes
  7148 | Ossuary  | Reached skill level 5 in Shields
  7231 | Ossuary  | Reached XP level 10. HP: 43/88 MP: 9/9
  7463 | Ossuary  | Reached ***** piety under Okawaru
  7807 | D:8      | Reached skill level 1 in Invocations
  7940 | D:8      | Noticed a gargoyle
  8062 | D:8      | Killed a gargoyle
  8323 | D:8      | Noticed a gargoyle
  8324 | D:8      | Noticed a gargoyle
  8356 | D:8      | Killed a gargoyle
  8362 | D:8      | Slain by a gargoyle

Illustrated notes

Levels and vault maps discovered:
D:1:      sevenhm_arrival_forest_fort_small_5, layout_rooms
D:2:      layout_loops_ring, minmay_joined_circles
D:3:      layout_loops_cross, chequers_temple_overflow_statue_of_worship,
          chequers_serial_rivers_small_b, amethyst_killhole, feat_on_display,
          uniq_sigmund, uniq_natasha, uniq_jessica
D:4:      layout_cave_pools, kennysheep_mini, grunt_qazlal_clouds, serial_shops,
          kennysheep_mini_moat, uniq_robin
D:5:      layout_rooms, zin_purify, amcnicky_altar_gilded, minitemple
D:6:      layout_cave_pools, mainiacjoe_overflow_small_starburst,
          minmay_temple_entry_grid, hellmonk_ghost_happy_afterlife,
          lexackson_kobold_supper
D:7:      layout_loops_ring, enter_bailey_3, serial_glass, glass_columns_a,
          glass_columns_b, glass_columns_c, glass_columns_a, glass_columns_b,
          glass_columns_a, serial_bayou_crossing, uniq_crazy_yiuf_cottage,
          uniq_duvessa, uniq_joseph
D:8:      cheibrodos_statue_roulette, layout_rooms, serial_shops,
          nicolae_shop_trees, nicolae_ossuary_entry_giza, chequers_garden,
          hangedman_decor_diamond_cutter

Skill      XL: |  1  2  3  4  5  6  7  8  9 10 |
---------------+-------------------------------+-----
Armour         | 4 5 6 7 8 |  8.7
Fighting       | 4 5 6 8 |  8.7
Axes           | 3 4 5 7 |  7.1
Shields        | 4 5 6 |  6.1
Maces & Flails | 2 3 6 9 11 | 11.1
Ranged Weapons | 2 |  2.3
Dodging        | 1 2 |  2.6
Stealth        | 1 |  1.8
Throwing       | 1 |  1.3
Invocations    | 1 |  1.9

Action                   |  1- 3 |  4- 6 |  7- 9 | 10-12 || total
-------------------------+-------+-------+-------+-------++-------
Melee: War axe           |    83 |     9 |    53 |   114 ||   259
       Headbutt          |    14 |    11 |    62 |    25 ||   112
       Morningstar       |       |    74 |   234 |       ||   308
       Battleaxe         |       |       |    32 |       ||    32
 Fire: Sling             |       |    28 |       |       ||    28
Throw: Stone             |       |       |     4 |    20 ||    24
Invok: Heroism           |       |       |     1 |     4 ||     5
       Finesse           |       |       |       |     1 ||     1
  Use: Scroll            |     1 |     4 |     5 |     2 ||    12
       Potion            |       |     2 |     8 |     4 ||    14
Armor: Scale mail        |    15 |       |       |       ||    15
       Chain mail        |    25 |    45 |   118 |    28 ||   216
       Skin              |       |    11 |       |       ||    11
Dodge: Dodged            |    28 |    36 |   114 |    42 ||   220
Block: Buckler           |    21 |    18 |    54 |    16 ||   109
